 Dungeon Crawl Stone Soup version 0.31-a0-177-g4aa6249778 (webtiles) character file.

Game seed: 3910987833764380651

27 jt the Stinger (level 3, -3/28 HPs)
             Began as a Djinni Warper on June 18, 2023.
             Killed by nerve-wracking pain
             ... invoked by Jessica
              (5 damage)
             ... on level 2 of the Dungeon.
             The game lasted 00:02:37 (1249 turns).

jt the Stinger (Djinni Warper)                      Turns: 1249, Time: 00:02:38

Health: -3/28      AC:  7    Str: 10    XL:     3   Next: 25%
Gold:   144        EV: 11    Int: 16    God:
                   SH:  0    Dex: 12

rFire   + + .        u - +2 dagger (elec)
rCold   x . .        (no shield)
rNeg    . . .        b - +0 leather armour
rPois   ∞            (no helmet)
rElec   .            (no cloak)
rCorr   +            (no gloves)
SInv    .            (boots unavailable)
Will    .....        (no amulet)
Stlth   ++           w - +4 ring of protection
HPRegen 0.24/turn    g - ring of resist corrosion
MPRegen 0.00/turn

%: infuse magic (-4 HP)
@: mighty, brilliant, flying
A: sickness immunity, fire resistance 2, cold vulnerability 1, float, innate
caster, HP casting, extra vitality 1
a: no special abilities


You were on level 2 of the Dungeon.
You visited 1 branch of the dungeon, and saw 2 of its levels.

You collected 144 gold pieces.

Inventory:

Hand Weapons
 a - a +0 falchion
 r - a +0 mace
 u - a +2 dagger of electrocution (weapon)
 x - a +0 spear
Missiles
 d - 4 boomerangs of dispersal (quivered)
 o - 35 stones
Armour
 b - a +0 leather armour (worn)
 k - a +0 chain mail
Magical Staves
 h - a staff of earth
Jewellery
 g - a ring of resist corrosion (right hand)
 w - a +4 ring of protection (left hand)
Scrolls
 e - 2 scrolls of identify {unknown}
 f - 2 scrolls of amnesia {unknown}
 i - a scroll of poison {unknown}
 j - a scroll of teleportation {unknown}
 m - a scroll of fog {unknown}
 v - a scroll of butterflies {unknown}
Potions
 l - a potion of ambrosia {unknown}
 n - a potion of degeneration {unknown}
 p - a potion of mutation {unknown}
 q - a potion of enlightenment {unknown}
 s - a potion of brilliance
 t - 2 potions of might


   Skills:
 + Level 2.0 Fighting
 + Level 2.2 Long Blades
 - Level 0.7 Throwing
 - Level 1.0 Armour
 - Level 2.1 Dodging
 - Level 2.0 Stealth
 - Level 2.8 Spellcasting
 - Level 2.8 Conjurations
 - Level 2.8 Hexes
 - Level 2.8 Summonings
 - Level 2.8 Necromancy
 - Level 2.8 Translocations
 - Level 2.8 Transmutations
 - Level 2.8 Fire Magic
 - Level 2.8 Ice Magic
 - Level 2.8 Air Magic
 - Level 2.8 Earth Magic
 - Level 2.8 Poison Magic


You knew the following spells:

 Your Spells              Type           Power      Damage    Failure   Level
a - Blink                 Tloc           32%        N/A       12%         2
b - Lesser Beckoning      Tloc           32%        N/A       12%         2
c - Vhi's Electric Charg  Tloc/Air       32%        N/A       24%         3
d - Teleport Other        Tloc           16%        N/A       24%         3
e - Manifold Assault      Tloc           16%        N/A       63%         4
f - Kiss of Death         Conj/Necr      64%        2d10      9%          1
Your spell library was empty.

Dungeon Overview and Level Annotations

Branches:
Dungeon (2/15)

Altars:

Annotations:
D:2 Jessica


Innate Abilities, Weirdness & Mutations

You are immune to sickness and miasma.
You are immune to poison.
Your flesh is very heat resistant. (rF++)
You are vulnerable to cold. (rC-)
You float through the air rather than walking.
You learn spells naturally, not from books.
Your magical power is your life essence.
You have superior vitality. (+4 MHP)


Message History

You now have 134 gold pieces (gained 12).
Found a Young Poisoner's Handbook.
You see here a Young Poisoner's Handbook.
You now have 144 gold pieces (gained 10).
There is a stone staircase leading up here.
Jessica the Apprentice Sorceress comes into view.
She is wielding a +0 club.
Jessica gestures at you while chanting. Pain shoots through your body!
Jessica mumbles some strange words.
Jessica blinks!
Jessica gestures wildly while chanting.
Jessica seems to speed up.
Jessica hits you with a +0 club.
You are too injured to fight recklessly!
You are too injured to fight recklessly!
You hit Jessica.
Jessica is lightly wounded.
Jessica points at you and mumbles some strange words.
Pain shoots through your body!
* * * LOW HITPOINT WARNING * * *
It was a potion of might.
You feel very mighty all of a sudden. Jessica hits you with a +0 club.
* * * LOW HITPOINT WARNING * * *
Jessica misses you.
Blink to where?
Press: ? - help, Dir - move target
As you read the scroll of blinking, it crumbles to dust.
It was a potion of brilliance.
You feel clever all of a sudden.
Cast which spell? (? or * to list)
Okay, then.
Throw: 5 boomerangs (disperse)
Press: ? - help, Q - select action, (/) - cycle Shift-Dir - straight line, f - Jessica
Aim: Jessica, wielding a +0 club and wearing a +0 robe (lightly wounded, fast, 57% to hit)
You throw a boomerang of dispersal.
The boomerang of dispersal barely misses Jessica.
Jessica points at you and mumbles some strange words.
Pain shoots through your body!
You die...

#.#
#.###.#####.....#.##.#
..#
#..<............#.##.####
#.#
#.###<..................#
#.###.#
#.#####.....#.#####.#####
#.##..# #.# ###..##.#
#...... #.##..# #.#
#.....# ####### ......#
#.# ##.####
#.##.####.########.#
#.....<.....@...@..#
...#.####.##########
.#........# ...########
####


You could see Jessica (fast).

Vanquished Creatures
  An adder (D:2)
  A dart slug (D:1)
  3 bats
  An endoplasm (D:1)
  3 goblins
  2 kobolds (D:1)
  3 ball pythons (D:1)
  2 frilled lizards
  A rat (D:1)
17 creatures vanquished.

Notes
Turn   | Place    | Note
-------+----------+-------------------------------------------
     0 | D:1      | jt the Djinni Warper began the quest for the Orb.
     0 | D:1      | jt set off with the following spells memorised: Blink,
                  | Lesser Beckoning, Vhi's Electric Charge, Teleport Other,
                  | Manifold Assault.
     0 | D:1      | Reached XP level 1. HP: 18/18 MP: 0/0
   186 | D:1      | Reached skill level 1 in Stealth
   336 | D:1      | Reached XP level 2. HP: 21/23 MP: 0/0
   710 | D:2      | Reached XP level 3. HP: 21/28 MP: 0/0
   710 | D:2      | Learned a level 1 spell: Kiss of Death
  1240 | D:2      | Noticed Jessica
  1249 | D:2      | Killed from afar by Jessica

Illustrated notes

Levels and vault maps discovered:
D:1:      psy_arrival_whirlpool, layout_loops_ring
D:2:      layout_loops_ring, chequers_mini_garden, uniq_jessica

Skill      XL: |  1  2 |
---------------+-------+-----
Stealth        | 1 2 |  2.0
Long Blades    | 2 |  2.2
Fighting       | |  2.0
Throwing       | |  0.7
Armour         | |  1.0
Dodging        | |  2.1
Spellcasting   | |  2.8
Conjurations   | |  2.8
Hexes          | |  2.8
Summonings     | |  2.8
Necromancy     | |  2.8
Translocations | |  2.8
Transmutations | |  2.8
Fire Magic     | |  2.8
Ice Magic      | |  2.8
Air Magic      | |  2.8
Earth Magic    | |  2.8
Poison Magic   | |  2.8

Action                     || total
---------------------------++-------
  Melee: Falchion          ||    59
         Punch             ||     3
         Dagger            ||     7
  Throw: Boomerang         ||     3
    Use: Potion            ||     2
         Scroll            ||     1
   Stab: Sleeping          ||     1
 Armour: Leather armour    ||    18
  Dodge: Dodged            ||    46

Table legend: (Time is in decaauts)
 A = Elapsed time spent in this place.
 B = Non-inter-level travel time spent in this place.
 C = Inter-level travel time spent in this place.
 D = Time resting spent in this place.
 E = Time spent auto-exploring this place.
 F = Levels seen in this place.
 G = Mean time per level.
                   A        B        C        D        E       F      G
               +--------+--------+--------+--------+--------+-----+--------+
         Total |   1260 |   1250 |     10 |     71 |    846 |   2 |  630.0 |
       Dungeon |   1260 |   1250 |     10 |     71 |    846 |   2 |  630.0 |
               +--------+--------+--------+--------+--------+-----+--------+

Top non-repeatable levels by time:
     D:1: 667 daAuts
     D:2: 592 daAuts
